AAA WEST
ROUND ROCK EXPRESS @ ALBUQUERQUE ISOTOPES
04/25/2042
 
TOP OF THE 1ST
Round Rock Express batting - Pitching for Albuquerque Isotopes : RHP Ronnie Barnes
Pitching: RHP Ronnie Barnes
Batting: RHB Alex Crowe 0-0: Fly out, F8 (Flyball, 8RD, EV 92.5 MPH)
Batting: LHB Kieran Wright 0-0: Ball
1-0: Ground out 3-1 (Groundball, 34, EV 87.5 MPH)
Batting: SHB Darrell Bailey 0-0: Foul Ball, location: 2F
0-1: SINGLE (Groundball, 4MD, EV 96.3 MPH)
Batting: LHB Greg Ibáñez 0-0: Ball
1-0: Swinging Strike
1-1: SINGLE (Flyball, 5D, EV 86.3 MPH)
Darrell Bailey to second
Batting: RHB Ken Hanson 0-0: Ball
1-0: Reached on error, E6 (Groundball, 6, EV 81.3 MPH)
Darrell Bailey to third
Greg Ibáñez to second
Batting: RHB Jim Unknown 0-0: Fly out, F8 (Line Drive, 8LM, EV 95.0 MPH)
Top of the 1st over - 0 runs, 2 hits, 1 error, 3 left on base; Round Rock 0 - Albuquerque 0
BOTTOM OF THE 1ST
Albuquerque Isotopes batting - Pitching for Round Rock Express : LHP Jerry Sexton
Pitching: LHP Jerry Sexton
Batting: SHB Cliff Miller 0-0: Foul Ball, location: 7LDF
0-1: SINGLE (Line Drive, 4D, EV 97.5 MPH)
Batting: RHB Dave Johnson 0-0: Called Strike
0-1: Called Strike
0-2: Foul Ball, location: 7LSFF
0-2: Ball
1-2: Strikes out swinging
Batting: RHB Ken Keith 0-0: Called Strike
0-1: DOUBLE (Line Drive, 9LS, EV 111.9 MPH)
Cliff Miller to third
Runner from 3rd tries for Home, SAFE, no throw by RF
Batting: RHB Juan Ortíz 0-0: Ball
1-0: Called Strike
1-1: Fly out, F4 (Popup, 3S, EV 84.4 MPH)
Batting: LHB Alex Battle 0-0: Ball
1-0: Ball
2-0: Ground out 4-3 (Groundball, 4, EV 86.3 MPH)
Bottom of the 1st over - 1 run, 2 hits, 0 errors, 1 left on base; Round Rock 0 - Albuquerque 1
TOP OF THE 2ND
Round Rock Express batting - Pitching for Albuquerque Isotopes : RHP Ronnie Barnes
Batting: SHB Jim Unknown 0-0: Ball
1-0: Ball
2-0: Ball
3-0: Base on Balls
Batting: RHB Jim Unknown 0-0: Bunt missed!
0-1: Ball
Jim Unknown steals 2nd base
1-1: Sac Bunt to 5S - play at third, runner OUT! 5-6
Batting: RHB Jim Unknown 0-0: Swinging Strike
0-1: Ball
1-1: Ball
2-1: Foul Ball, location: 3DF
2-2: Fly out, F8 (Flyball, 89M, EV 81.9 MPH)
Batting: RHB Alex Crowe 0-0: Ball
1-0: Foul Ball, location: 3DF
1-1: Ball
2-1: Fly out, F3 (Line Drive, 3L, EV 75.0 MPH)
Top of the 2nd over - 0 runs, 0 hits, 0 errors, 1 left on base; Round Rock 0 - Albuquerque 1
BOTTOM OF THE 2ND
Albuquerque Isotopes batting - Pitching for Round Rock Express : LHP Jerry Sexton
Batting: RHB Jim Kennedy 0-0: Called Strike
0-1: Ball
1-1: Foul Ball, location: 7LSF
1-2: Ball
2-2: Fly out, F9 (Flyball, 9S, EV 87.5 MPH)
Batting: LHB José De Los Santos 0-0: Ball
1-0: Called Strike
1-1: DOUBLE (Groundball, 3L, EV 105.6 MPH)
Batting: RHB Lúcio Rodríguez 0-0: Ball
1-0: Fly out, F9 (Line Drive, 9, EV 91.3 MPH)
Batting: RHB Adrián Pacheco 0-0: Ball
1-0: Ball
2-0: Swinging Strike
2-1: Ball
3-1: Foul Ball, location: 2F
3-2: Base on Balls
Batting: SHB Cliff Miller 0-0: Ball
1-0: TRIPLE (Line Drive, 89XD, EV 105.0 MPH)
José De Los Santos scores
Adrián Pacheco scores
Batting: RHB Dave Johnson 0-0: Called Strike
0-1: Ball
1-1: Foul Ball, location: 9LMF
1-2: Ball
2-2: Foul Ball, location: 25FF
2-2: DOUBLE (Groundball, 5L, EV 106.3 MPH)
Cliff Miller scores
Batting: RHB Ken Keith 0-0: Ball
1-0: Swinging Strike
1-1: Ball
2-1: Swinging Strike
2-2: Foul Ball, location: 2F
2-2: Ball
3-2: DOUBLE (Flyball, 78XD, EV 109.4 MPH)
Dave Johnson scores
Batting: RHB Juan Ortíz 0-0: Called Strike
0-1: Swinging Strike
0-2: Foul Ball, location: 23F
0-2: Strikes out looking
Bottom of the 2nd over - 4 runs, 4 hits, 0 errors, 1 left on base; Round Rock 0 - Albuquerque 5
TOP OF THE 3RD
Round Rock Express batting - Pitching for Albuquerque Isotopes : RHP Ronnie Barnes
Batting: LHB Kieran Wright 0-0: Swinging Strike
0-1: Called Strike
0-2: Ball
1-2: Ball
2-2: Fly out, F6 (Popup, 6, EV 54.4 MPH)
Batting: SHB Darrell Bailey 0-0: Ball
1-0: Called Strike
1-1: Foul Ball, location: 9LMF
1-2: SOLO HOME RUN (Flyball, 9D, EV 101.9 MPH), Distance : 395 ft
Batting: LHB Greg Ibáñez 0-0: Called Strike
0-1: Called Strike
0-2: Ball
1-2: Fly out, F9 (Flyball, 89M, EV 95.0 MPH)
Batting: RHB Ken Hanson 0-0: Ball
1-0: Ball
2-0: Called Strike
2-1: Fly out, F8 (Flyball, 8LD, EV 83.8 MPH)
Top of the 3rd over - 1 run, 1 hit, 0 errors, 0 left on base; Round Rock 1 - Albuquerque 5
BOTTOM OF THE 3RD
Albuquerque Isotopes batting - Pitching for Round Rock Express : LHP Jerry Sexton
Batting: LHB Alex Battle 0-0: Ball
1-0: Foul Ball, location: 2F
1-1: SINGLE (Groundball, 34D, EV 98.1 MPH)
Pitching: RHP Chris Brown
Batting: RHB Jim Kennedy 0-0: Ball
1-0: DOUBLE (Flyball, 8RXD, EV 106.9 MPH)
Alex Battle to third
Runner from 3rd tries for Home, SAFE, no throw by CF
Batting: LHB José De Los Santos 0-0: Swinging Strike
0-1: Swinging Strike
0-2: Strikes out swinging
Batting: RHB Lúcio Rodríguez 0-0: Ball
1-0: Ball
2-0: Swinging Strike
2-1: Foul Ball, location: 2F
2-2: Ball
3-2: Foul Ball, location: 25F
3-2: SINGLE (Line Drive, 6D, EV 99.4 MPH)
Jim Kennedy to third
Batting: RHB Adrián Pacheco 0-0: Called Strike
0-1: Called Strike
0-2: Ball
1-2: Ball
2-2: Foul Ball, location: 3FF
2-2: Strikes out swinging
Batting: SHB Cliff Miller 0-0: Ball
Lúcio Rodríguez steals 2nd base
1-0: 3-RUN HOME RUN (Flyball, 9D, EV 100.6 MPH), Distance : 404 ft
Batting: RHB Dave Johnson 0-0: Fly out, F8 (Flyball, 8RM, EV 100.6 MPH)
Bottom of the 3rd over - 4 runs, 4 hits, 0 errors, 0 left on base; Round Rock 1 - Albuquerque 9
TOP OF THE 4TH
Round Rock Express batting - Pitching for Albuquerque Isotopes : RHP Ronnie Barnes
Batting: RHB Jim Unknown 0-0: Called Strike
0-1: Swinging Strike
0-2: Ball
1-2: Ball
2-2: Strikes out swinging
Batting: SHB Jim Unknown 0-0: Ground out 5-3 (Groundball, 5, EV 85.6 MPH)
Batting: RHB Jim Unknown 0-0: Called Strike
0-1: SOLO HOME RUN (Flyball, 7D, EV 106.3 MPH), Distance : 376 ft
Batting: RHB Jim Unknown 0-0: Ball
1-0: Called Strike
1-1: Called Strike
1-2: Fly out, F2 (Popup, 15S, EV 93.1 MPH)
Top of the 4th over - 1 run, 1 hit, 0 errors, 0 left on base; Round Rock 2 - Albuquerque 9
BOTTOM OF THE 4TH
Albuquerque Isotopes batting - Pitching for Round Rock Express : RHP Chris Brown
Batting: RHB Ken Keith 0-0: Ball
1-0: SOLO HOME RUN (Flyball, 7D, EV 96.9 MPH), Distance : 384 ft
Batting: RHB Juan Ortíz 0-0: Called Strike
0-1: Ball
1-1: Foul Ball, location: 23F
1-2: Foul Ball, location: 2F
1-2: Fly out, F8 (Flyball, 8RD, EV 99.4 MPH)
Batting: LHB Alex Battle 0-0: Ball
1-0: Fly out, F4 (Popup, 4M, EV 57.5 MPH)
Batting: RHB Jim Kennedy 0-0: Ball
1-0: Ball
2-0: Called Strike
2-1: Ground out 6-3 (Groundball, 6, EV 83.8 MPH)
Bottom of the 4th over - 1 run, 1 hit, 0 errors, 0 left on base; Round Rock 2 - Albuquerque 10
TOP OF THE 5TH
Round Rock Express batting - Pitching for Albuquerque Isotopes : RHP Ronnie Barnes
Batting: RHB Alex Crowe 0-0: Ball
1-0: Ground out 4-3 (Groundball, 4, EV 85.6 MPH)
Batting: LHB Kieran Wright 0-0: Foul Ball, location: 7LDF
0-1: Ground out 4-3 (Groundball, 4MD, EV 96.3 MPH)
Batting: SHB Darrell Bailey 0-0: Foul Ball, location: 2F
0-1: Swinging Strike
0-2: Hit by Pitch
Batting: LHB Greg Ibáñez 0-0: Ball
1-0: Foul Ball, location: 3FF
1-1: Called Strike
1-2: Ball
2-2: Fly out, F7 (Flyball, 7, EV 85.6 MPH)
Top of the 5th over - 0 runs, 0 hits, 0 errors, 1 left on base; Round Rock 2 - Albuquerque 10
BOTTOM OF THE 5TH
Albuquerque Isotopes batting - Pitching for Round Rock Express : RHP Chris Brown
Batting: LHB José De Los Santos 0-0: Ground out 5-3 (Groundball, 5, EV 92.5 MPH)
Batting: RHB Lúcio Rodríguez 0-0: Ball
1-0: Ball
2-0: Swinging Strike
2-1: SINGLE (Flyball, 9LS, EV 86.3 MPH)
Batting: RHB Adrián Pacheco 0-0: Ball
1-0: Foul Ball, location: 23FF
1-1: Ball
2-1: Ball
3-1: Foul Ball, location: 25FF
3-2: Strikes out swinging
Batting: SHB Cliff Miller 0-0: Ball
1-0: Called Strike
1-1: Foul Ball, location: 7LDF
1-2: Foul Ball, location: 5F
1-2: Ground out 4-3 (Groundball, 4S, EV 71.3 MPH)
Bottom of the 5th over - 0 runs, 1 hit, 0 errors, 1 left on base; Round Rock 2 - Albuquerque 10
TOP OF THE 6TH
Round Rock Express batting - Pitching for Albuquerque Isotopes : RHP Ronnie Barnes
Batting: RHB Ken Hanson 0-0: Called Strike
0-1: Foul Ball, location: 2F
0-2: Ground out 6-3 (Groundball, 6, EV 83.8 MPH)
Batting: RHB Jim Unknown 0-0: Called Strike
0-1: Ground out 5-3 (Groundball, 5, EV 93.8 MPH)
Batting: SHB Jim Unknown 0-0: Ball
1-0: Called Strike
1-1: Foul Ball, location: 2F
1-2: Ball
2-2: Ball
3-2: Foul Ball, location: 2F
3-2: Strikes out swinging
Top of the 6th over - 0 runs, 0 hits, 0 errors, 0 left on base; Round Rock 2 - Albuquerque 10
BOTTOM OF THE 6TH
Albuquerque Isotopes batting - Pitching for Round Rock Express : RHP Chris Brown
Batting: RHB Dave Johnson 0-0: Ball
1-0: Called Strike
1-1: Ball
2-1: Ball
3-1: Foul Ball, location: 2F
3-2: SOLO HOME RUN (Flyball, 7LD, EV 93.8 MPH), Distance : 338 ft
Batting: RHB Ken Keith 0-0: Called Strike
0-1: Called Strike
0-2: Fly out, F8 (Line Drive, 8RD, EV 100.6 MPH)
Batting: RHB Juan Ortíz 0-0: Ground out U3 (Groundball, 3L, EV 81.3 MPH)
Batting: LHB Alex Battle 0-0: SINGLE (Line Drive, 34D, EV 103.1 MPH)
Batting: RHB Jim Kennedy 0-0: Ball
1-0: Foul Ball, location: 2F
1-1: Called Strike
1-2: Foul Ball, location: 23F
1-2: Ball
2-2: Ground out 6-3 (Groundball, 6S, EV 67.5 MPH)
Bottom of the 6th over - 1 run, 2 hits, 0 errors, 1 left on base; Round Rock 2 - Albuquerque 11
TOP OF THE 7TH
Round Rock Express batting - Pitching for Albuquerque Isotopes : RHP Ronnie Barnes
Batting: RHB Jim Unknown 0-0: Fly out, F4 (Popup, 3S, EV 86.9 MPH)
Pinch Hitting: LHB Jim Unknown 0-0: Ground out 4-3 (Groundball, 4M, EV 88.1 MPH)
Pinch Hitting: SHB Jim Unknown 0-0: Ground out 6-3 (Groundball, 6M, EV 110.0 MPH)
Top of the 7th over - 0 runs, 0 hits, 0 errors, 0 left on base; Round Rock 2 - Albuquerque 11
BOTTOM OF THE 7TH
Albuquerque Isotopes batting - Pitching for Round Rock Express : RHP Chris Brown
Now at 1B: Jim Unknown
Now at 2B: Jim Unknown
Now at SS: Darrell Bailey
Batting: LHB José De Los Santos 0-0: Ball
1-0: Ground out 5-3 (Groundball, 56, EV 81.3 MPH)
Batting: RHB Lúcio Rodríguez 0-0: Ball
1-0: Called Strike
1-1: Foul Ball, location: 2F
1-2: Fly out, F9 (Flyball, 9LD, EV 88.1 MPH)
Batting: RHB Adrián Pacheco 0-0: Ball
1-0: Ground out 5-3 (Groundball, 5S, EV 76.3 MPH)
Bottom of the 7th over - 0 runs, 0 hits, 0 errors, 0 left on base; Round Rock 2 - Albuquerque 11
TOP OF THE 8TH
Round Rock Express batting - Pitching for Albuquerque Isotopes : RHP Ronnie Barnes
Batting: RHB Jim Unknown 0-0: Ball
1-0: Called Strike
1-1: Ball
2-1: Ball
3-1: Swinging Strike
3-2: Foul Ball, location: 25F
3-2: Foul Ball, location: 2F
3-2: Strikes out swinging
Batting: SHB Darrell Bailey 0-0: Foul Ball, location: 3F
0-1: Called Strike
0-2: Foul Ball, location: 25F
0-2: Ground out 4-3 (Groundball, 4D, EV 107.5 MPH)
Pinch Hitting: LHB Jim Unknown 0-0: Called Strike
0-1: Ball
1-1: Called Strike
1-2: Ground out 4-3 (Groundball, 4S, EV 74.4 MPH)
Top of the 8th over - 0 runs, 0 hits, 0 errors, 0 left on base; Round Rock 2 - Albuquerque 11
BOTTOM OF THE 8TH
Albuquerque Isotopes batting - Pitching for Round Rock Express : RHP Chris Brown
Pitching: RHP Israel Carrillo
Now in LF: Jim Unknown
Now in CF: Jim Unknown
Now in RF: Ken Hanson
Batting: SHB Cliff Miller 0-0: Ball
1-0: Ball
2-0: Swinging Strike
2-1: Ball
3-1: Ground out 6-3 (Groundball, 6, EV 109.4 MPH)
Pinch Hitting: RHB Wes Hurtado 0-0: Fly out, F6 (Popup, 6M, EV 63.8 MPH)
Batting: RHB Ken Keith 0-0: Ball
1-0: Ball
2-0: Called Strike
2-1: Ball
3-1: Base on Balls
Batting: RHB Juan Ortíz 0-0: Foul Ball, location: 3SF
0-1: DOUBLE (Line Drive, 89D, EV 106.9 MPH)
Ken Keith to third
Runner from 3rd tries for Home, SAFE, throw by RF to home
Batting: LHB Alex Battle 0-0: SINGLE (Line Drive, 34, EV 95.6 MPH)
Juan Ortíz to third
Runner from 3rd tries for Home, throw by RF and OUT! 9-2
Bottom of the 8th over - 1 run, 2 hits, 0 errors, 1 left on base; Round Rock 2 - Albuquerque 12
TOP OF THE 9TH
Round Rock Express batting - Pitching for Albuquerque Isotopes : RHP Ronnie Barnes
Now at 1B: Wes Hurtado
Pinch Hitting: RHB Jim Unknown 0-0: Called Strike
0-1: Ball
1-1: Ball
2-1: Swinging Strike
2-2: Ball
3-2: DOUBLE (Line Drive, 78M, EV 91.9 MPH)
Batting: RHB Jim Unknown 0-0: Fly out, F5 (Line Drive, 5, EV 66.9 MPH)
Batting: SHB Jim Unknown 0-0: Ball
1-0: Ball
2-0: Ground out 4-3 (Groundball, 4, EV 104.4 MPH)
Jim Unknown to third
Batting: RHB Jim Unknown 0-0: Ball
1-0: Fly out, F8 (Flyball, 89S, EV 90.0 MPH)
Top of the 9th over - 0 runs, 1 hit, 0 errors, 1 left on base; Round Rock 2 - Albuquerque 12
Friday, May 3rd , 2024 - OOTP Baseball 24.10 Build 82